 Dungeon Crawl Stone Soup version 0.17-a0-1368-g6ab37f2 (webtiles) character file.

19712 patman2 the Slicer (level 12, -5/112 HPs)
             Began as a Vine Stalker Berserker on June 12, 2015.
             Was a High Priest of Trog.
             Slain by a black mamba (8 damage)
             ... on level 8 of the Lair of Beasts.
             The game lasted 00:30:49 (4581 turns).

patman2 the Slicer (Vine Stalker Berserker)         Turns: 4581, Time: 00:30:49

Health: -5/112     AC:  7    Str: 22    XL:     12   Next: 71%
Magic:  0/13       EV: 19    Int:  7    God:    Trog [*****.]
Gold:   483        SH:  0    Dex: 18    Spells: 0 memorised, 11 levels left

rFire  + + .     SeeInvis .     B - +4 short sword (freeze)
rCold  + . .     Clarity  +     s - +1 leather armour of the Deaths {+Fly rElec Str-4}
rNeg   . . .     SustAt   .     (no shield)
rPois  .         Gourm    .     H - +0 hat
rElec  +         Spirit   +     (no cloak)
rCorr  .         Warding  .     L - +2 pair of gloves {rF+}
rMut   .         Stasis   .     (no boots)
MR     +++..                    O - amulet of clarity
Stlth  ..........               (no ring)
                                v - ring of protection from fire

@: berserking, lethally poisoned (-5 -> -8), regenerating, very quick, extremely
resistant to hostile enchantments, extremely unstealthy
A: fangs 3, cold resistance 1, regeneration 3, robust 1, magic shield, antimagic
bite, no device heal 3, rot immunity
a: Burn Spellbooks, Berserk, Trog's Hand, Brothers in Arms, Renounce Religion,
Evoke Flight


You were on level 8 of the Lair of Beasts.
You worshipped Trog.
Trog was extremely pleased with you.
You were hungry.

You visited 2 branches of the dungeon, and saw 18 of its levels.
You also visited: Ossuary and Volcano.

You collected 483 gold pieces.

Inventory:

Hand weapons
 a - a +0 short sword
 B - a +4 short sword of freezing (weapon)
 F - a +0 rapier
Missiles
 e - 12 javelins (quivered)
Armour
 s - the +1 leather armour of the Deaths (worn) {+Fly rElec Str-4}
   (You found it on level 5 of the Dungeon)

   It affects your strength (-4).
   It insulates you from electricity.
   It lets you fly.
 H - a +0 hat (worn)
 L - a +2 pair of gloves of fire resistance (worn)
 M - a +1 chain mail of fire resistance
Jewellery
 v - a ring of protection from fire (left hand)
 O - an amulet of clarity (around neck)
Magical devices
 b - a wand of draining (5)
 t - a wand of draining (6)
 y - a wand of fireball (6)
 J - a wand of enslavement (13)
 K - a wand of confusion (16)
Scrolls
 g - 2 scrolls of recharging
 h - 2 scrolls of fog
 j - a scroll of noise {unknown}
 l - 2 scrolls of remove curse
 o - 5 scrolls of teleportation
 G - a scroll of enchant weapon
Potions
 d - 5 potions of flight
 i - 5 potions of curing
 k - a potion of lignification {unknown}
 m - 2 potions of resistance
 n - 5 potions of agility
 p - a potion of invisibility {unknown}
 q - a potion of poison {unknown}
 r - 2 potions of might {unknown}
 u - 2 potions of ambrosia {unknown}
 w - 3 potions of brilliance
 x - 2 potions of haste {unknown}
 z - a potion of beneficial mutation {unknown}
 A - a potion of cure mutation {unknown}
 C - a potion of magic {unknown}
 D - 3 potions of cancellation {unknown}
 E - 3 potions of berserk rage {unknown}
 N - a potion of heal wounds {unknown}
Comestibles
 c - 7 bread rations
 f - 6 meat rations
 I - 6 chunks of flesh


   Skills:
 * Level 10.9 Fighting
 - Level 12.0 Short Blades
 - Level 1.5 Armour
 * Level 9.8 Dodging


You had 11 spell levels left.
You didn't know any spells.

Dungeon Overview and Level Annotations

Branches:
Dungeon (10/15)            Temple (0/1) D:4            Lair (8/8) D:10
 Shoals (0/4) Lair:5       Spider (0/4) Lair:5
  Slime: Lair:6-8       Orc: D:9-12

Altars:
Cheibriados
Elyvilon
Ru


Innate Abilities, Weirdness & Mutations

You have razor-sharp teeth.
You regenerate.
When hurt, damage is shared between your health and your magic reserves.
Your bite disrupts and absorbs the magic of your enemies.
Potions and wands cannot restore your health.
You are immune to rotting.
Your flesh is cold resistant.
You are robust (+10% HP).


Message History

You feel very sick. The water moccasin bites you.
* * * LOW HITPOINT WARNING * * *
The black mamba bites you.
* * * LOW HITPOINT WARNING * * *
You closely miss the black mamba. You bite the black mamba!
You drain its power.
You feel invigorated.
You kill the black mamba!
Trog accepts your kill.
* * * LOW HITPOINT WARNING * * *
You feel sick.
The water moccasin completely misses you.
You miss the black mamba.
* * * LOW HITPOINT WARNING * * *
You feel sick.
Unknown command.
You barely miss the black mamba. Your bite misses the black mamba.
* * * LOW HITPOINT WARNING * * *
You feel sick. The black mamba bites you!
You die...

...#... P..#
..F..... #..#
.P..... ##..#
..Y..######...#
#..PP##..#...#
#FPP.......<.#
#....F.......#
#..lS#S.#...#
##.##@##..###
######...#
###.# ###


You could see an elephant, a komodo dragon, a black mamba, 3 blink frogs and a
water moccasin.

Vanquished Creatures
  Gastronok (Lair:2)
  Josephine (Lair:5)
  4 hydras
  3 black mambas
  2 elephants (Lair:5)
  3 spiny frogs
  A torpor snail (Lair:5)
  A fire drake (Lair:2)
  A komodo dragon (Lair:3)
  An efreet (Volcano)
  3 fire elementals (Volcano)
  5 wraiths (Lair:5)
  27 yaks
  2 hippogriffs
  A steam dragon (Lair:6)
  3 mottled dragons (Lair:6)
  11 water moccasins
  An orc warrior (D:9)
  3 wolves (Lair:5)
  2 porcupines (Lair:2)
  2 ice beasts
  A sky beast (D:9)
  A black bear (Lair:5)
  A wasp (Lair:2)
  An ogre (D:3)
  2 centaurs
  7 crocodiles
  7 giant frogs
  An elf zombie (Ossuary)
  A wyvern zombie (D:7)
  A scorpion (D:5)
  A crimson imp (D:10)
  A hound (D:10)
  A giant frog zombie (D:10)
  5 wights (D:10)
  2 human zombies (Ossuary)
  An orc priest (D:5)
  3 orc wizards
  2 giant frog skeletons
  A worker ant (D:8)
  9 iguanas
  Terence (D:3)
  2 big kobold zombies (Ossuary)
  22 sheep
  2 mummies (Ossuary)
  2 hound skeletons
  30 river rats
  2 adders
  A shadow imp (D:5)
  An adder zombie (D:7)
  8 orcs
  A bat zombie (D:6)
  4 giant cockroaches
  5 goblins
  6 hobgoblins
  5 kobolds
  A bat (D:4)
  3 giant geckos
  A hobgoblin zombie (Ossuary)
  3 jackal zombies (Ossuary)
  2 kobold zombies (Ossuary)
  3 orc zombies (Ossuary)
  2 rats
  2 rat zombies (Ossuary)
  A plant (Lair:6)
237 creatures vanquished.

Notes
Turn   | Place    | Note
--------------------------------------------------------------
     0 | D:1      | patman2 the Vine Stalker Berserker began the quest for the Orb.
     0 | D:1      | Reached XP level 1. HP: 11/11 MP: 2/2
   163 | D:1      | Reached skill level 3 in Short Blades
   231 | D:2      | Reached XP level 2. HP: 11/16 MP: 3/3
   269 | D:3      | Found a faded altar to an unknown god.
   332 | D:3      | Noticed Terence
   351 | D:3      | Killed Terence
   351 | D:3      | Reached skill level 4 in Short Blades
   351 | D:3      | Reached XP level 3. HP: 11/19 MP: 4/4
   574 | D:3      | Found a sacrificial altar of Ru.
   610 | D:3      | Noticed an ogre
   621 | D:3      | Killed an ogre
   621 | D:3      | Reached skill level 5 in Short Blades
   621 | D:3      | Reached XP level 4. HP: 4/23 MP: 5/5
   621 | D:3      | Reached XP level 5. HP: 4/27 MP: 6/6
   671 | D:4      | Found a staircase to the Ecumenical Temple.
   753 | D:5      | Entered Level 5 of the Dungeon
   753 | D:5      | Noticed a centaur
   765 | D:5      | Killed a centaur
   765 | D:5      | Reached skill level 6 in Short Blades
   765 | D:5      | Gained mutation: You heal very quickly. [Vine Stalker growth]
   765 | D:5      | Reached XP level 6. HP: 16/32 MP: 4/7
   789 | D:5      | Acquired Trog's second power
   821 | D:5      | Got a translucent leather armour
   832 | D:5      | Identified the cursed +1 leather armour of the Deaths {+Fly rElec Str-4} (You found it on level 5 of the Dungeon)
   867 | D:5      | Noticed an ice beast
   886 | D:5      | Killed an ice beast
  1002 | D:5      | Reached skill level 7 in Short Blades
  1002 | D:5      | Reached XP level 7. HP: 35/35 MP: 8/8
  1064 | D:6      | Found a snail-covered altar of Cheibriados.
  1183 | D:7      | Found a sand-covered staircase.
  1188 | Ossuary  | Entered an ossuary
  1326 | Ossuary  | Reached skill level 8 in Short Blades
  1550 | D:9      | Gained mutation: You have razor-sharp teeth. [Vine Stalker growth]
  1550 | D:9      | Reached XP level 8. HP: 28/39 MP: 6/9
  1566 | D:9      | Gained mutation: Your flesh is cold resistant. [mutagenic meat]
  1567 | D:9      | Gained mutation: You are robust (+10% HP). [mutagenic meat]
  1604 | D:8      | Reached skill level 9 in Short Blades
  1614 | D:9      | Noticed a yak
  1614 | D:9      | Noticed a yak
  1614 | D:9      | Noticed a yak
  1614 | D:9      | Noticed a yak
  1614 | D:9      | Noticed a yak
  1615 | D:9      | Noticed a yak
  1632 | D:9      | Killed a yak
  1633 | D:9      | Killed a yak
  1633 | D:9      | Reached skill level 10 in Short Blades
  1636 | D:9      | Killed a yak
  1659 | D:9      | Killed a yak
  1659 | D:9      | Reached XP level 9. HP: 10/47 MP: 10/10
  1665 | D:9      | Killed a yak
  1667 | D:9      | Killed a yak
  1667 | D:9      | Reached skill level 11 in Short Blades
  1730 | D:10     | Entered Level 10 of the Dungeon
  1760 | D:10     | Reached skill level 12 in Short Blades
  1980 | D:10     | Found a staircase to the Lair.
  1995 | Lair:1   | Entered Level 1 of the Lair of Beasts
  2075 | Lair:2   | Reached XP level 10. HP: 40/53 MP: 8/11
  2248 | Lair:2   | Noticed Gastronok
  2273 | Lair:2   | Killed Gastronok
  2273 | Lair:2   | Reached skill level 5 in Dodging
  2371 | Lair:2   | HP: 4/87 [sheep (4)]
  2483 | Lair:2   | Acquired Trog's third power
  2528 | Lair:1   | Noticed an eight-headed hydra
  2543 | Lair:1   | Killed an eight-headed hydra
  2543 | Lair:1   | Reached XP level 11. HP: 8/63 MP: 12/12
  2619 | Lair:2   | Noticed a fire drake
  2629 | Lair:2   | Killed a fire drake
  3157 | Lair:5   | Found a staircase to the Shoals.
  3170 | Lair:5   | Found a hole to the Spider Nest.
  3180 | Lair:5   | Noticed Josephine
  3213 | Lair:5   | Killed Josephine
  3249 | Lair:5   | Found a white marble altar of Elyvilon.
  3275 | Lair:5   | Noticed a seven-headed hydra
  3284 | Lair:5   | Killed a seven-headed hydra
  3320 | Lair:5   | Noticed an eight-headed hydra
  3336 | Lair:5   | Killed an eight-headed hydra
  3387 | Lair:5   | Gained mutation: You regenerate. [Vine Stalker growth]
  3387 | Lair:5   | Reached XP level 12. HP: 63/73 MP: 11/13
  3482 | Lair:5   | Found a dark tunnel.
  3485 | Lair:5   | Noticed an eight-headed hydra
  3491 | Volcano  | Entered a volcano
  3745 | Lair:5   | Received a gift from Trog
  3837 | Lair:5   | Reached skill level 10 in Fighting
  3978 | Lair:6   | Noticed a six-headed hydra
  3987 | Lair:6   | Killed a six-headed hydra
  4512 | Lair:8   | Entered Level 8 of the Lair of Beasts
  4578 | Lair:8   | HP: 4/112 [black mamba (3)]
  4581 | Lair:8   | Slain by a black mamba

Vault maps used:
D:1:      scummos_arrival_simple_crosswalls, serial_bayou_crossing
D:2:      uniq_iyjb
D:3:      lemuel_doored_altar, minitemple, ecumenical_altar_1,
          kennysheep_generic_room_7, uniq_terence
D:4:      minmay_temple_entry_overgrown, first_bread, serial_shops, shop,
          minivault_19
D:5:      tgw_trog, serial_shops, shop, glass_columns_c
D:6:      nicolae_overflow_crystal_walls, serial_shops, shop
D:7:      old_standard_altar, nicolae_ossuary_entry_false_entrances
D:8:      serial_shops, kennysheep_mini, uniq_psyche
D:9:      lemuel_slime, orc_0_dummy, hangedman_tree_tricks,
          lightli_fourway_metalbox
D:10:     lair_0_dummy, uniq_snorg
Lair:2:   beast_lair_carwin_7, grunt_megastairs_4, uniq_gastronok
Lair:3:   grunt_megastairs_2
Lair:4:   minmay_lair_oklob_bushes
Lair:5:   shoals_dummy_entry, dummy_spider_entry, basic_altar,
          nicolae_volcano_entry_lava_flow, infiniplex_staircase_pool,
          uniq_josephine
Lair:6:   guppyfry_lair_drakes, infiniplex_staircase_pool_2
Lair:7:   slime_altar_2, serial_bayou_pond_e
Lair:8:   grunt_lair_end_beastmaster, st_stairs_13
Ossuary:  ossuary_tomb_1
Volcano:  volcano_overflow

Action                   |  1- 3 |  4- 6 |  7- 9 | 10-12 || total
-------------------------+-------+-------+-------+-------++-------
Melee: Short sword       |    75 |    77 |   322 |   763 ||  1237
Throw: Javelin           |     2 |       |       |     5 ||     7
Invok: Berserk           |     2 |     2 |     5 |    13 ||    22
       Trog's Hand       |       |       |     2 |     4 ||     6
Evoke: Wand              |       |       |     4 |       ||     4
  Use: Scroll            |       |     1 |     4 |     6 ||    11
       Potion            |       |       |     1 |       ||     1
 Stab: Sleeping          |       |       |     1 |       ||     1
  Eat: Chunk             |       |     5 |     7 |    15 ||    27
       Pizza             |       |       |     1 |     1 ||     2
       Meat ration       |       |       |     1 |       ||     1
       Royal jelly       |       |       |       |     1 ||     1
